 Dungeon Crawl Stone Soup version 0.31-a0-174-g85c54bcb58 (webtiles) character file.

Game seed: 14491049362643814155

3094 qw the Skirmisher (level 9, 0/57 HPs)
             Began as a Gargoyle Hunter on June 15, 2023.
             Was a Believer of Okawaru.
             Slain by a yak (10 damage)
             ... on level 7 of the Dungeon.
             The game lasted 00:02:21 (6030 turns).

qw the Skirmisher (Gargoyle Hunter)                 Turns: 6030, Time: 00:02:21

Health: 0/57       AC: 17    Str: 16    XL:     9   Next: 90%
Magic:  10/12      EV: 16    Int: 16    God:    Okawaru [**....]
Gold:   286        SH:  0    Dex: 21    Spells: 8/8 levels left

rFire   + . .        Y - +0 orcbow
rCold   . . .        (shield currently unavailable)
rNeg    + + .        d - +0 ring mail
rPois   inf          h - +0 helmet
rElec   +            g - +2 cloak of Seolec {rN+ Dex-2 Slay+3}
rCorr   .            (no gloves)
SInv    +            (no boots)
Will    .....        (no amulet)
Stlth   ++++         b - ring "Ypu Nol" {rF+ Will- Int+7 Dex+6 Stlth+}
HPRegen 0.29/turn    l - ring of see invisible
MPRegen 0.13/turn

%: clarity
@: heroic
A: sickness immunity, AC +6, negative energy resistance 1, electricity
resistance, torment resistance 1, petrification resistance, clarity, mutation
resistance 1
a: Renounce Religion, Heroism


You were on level 7 of the Dungeon.
You worshipped Okawaru.
Okawaru was pleased with you.
You visited 2 branches of the dungeon, and saw 9 of its levels.

You collected 286 gold pieces.


Innate Abilities, Weirdness & Mutations

You are immune to sickness and miasma.
Your stone body is resilient. (AC +6)
You are immune to poison.
You resist negative energy. (rN+)
You are resistant to electric shocks. (rElec)
You are resistant to unholy torment.
You are immune to petrification.
You possess an exceptional clarity of mind.
You are somewhat resistant to further mutation.


   Skills:
 + Level 7.1(12.1) Fighting
 - Level 11.1(16.1) Ranged Weapons
 - Level 3.0(8.0) Armour
 - Level 3.2(8.2) Dodging
 - Level 1.1(6.1) Stealth
 - Level 4.0 Invocations


You had 8 spell levels left.
You didn't know any spells.
Your spell library was empty.

Inventory:

Hand Weapons
 Y - a +0 orcbow (weapon)
Armour
 d - a +0 ring mail (worn)
 g - the +2 cloak of Seolec (worn) {rN+ Dex-2 Slay+3}
   (You found it on level 2 of the Dungeon)

   Dex:       It affects your dexterity (-2).
   Slay:      It affects your accuracy & damage with ranged weapons and melee
   (+3).
   rN:        It protects you from negative energy.
 h - a +0 helmet (worn)
Jewellery
 b - the ring "Ypu Nol" (left hand) {rF+ Will- Int+7 Dex+6 Stlth+}
   (You acquired it on level 4 of the Dungeon)

   [ring of dexterity]

   Int:       It affects your intelligence (+7).
   Dex:       It affects your dexterity (+6).
   rF:        It protects you from fire.
   Will:      It decreases your willpower.
   Stlth:     It makes you more stealthy.
 c - an amulet of guardian spirit
 e - a ring of protection from cold
 i - a ring of fire
 l - a ring of see invisible (right hand)
 m - a ring of ice
Scrolls
 a - a scroll of identify
Potions
 f - 2 potions of lignification
 n - a potion of magic
 o - a potion of resistance {unknown}
 r - a potion of mutation

Dungeon Overview and Level Annotations

Branches:
Dungeon (8/15)             Temple (1/1) D:4
   Lair: D:8-11

Altars:
Cheibriados
Dithmenos
Elyvilon
Fedhas
Gozag
Hepliaklqana
Nemelex Xobeh
Okawaru
Qazlal
Ru
Sif Muna
Trog
Uskayaw
Wu Jian
Xom
Yredelemnul
Zin
The Shining One

Shops:
D:4 (


Message History

The yak gores you but does no damage. The yak barely misses you.
The yak gores you but does no damage.
You shoot an arrow. The arrow hits the yak!!
The yak is heavily wounded.
Your enlightenment fades.
The yak closely misses you. The yak barely misses you.
The yak completely misses you.
You shoot an arrow. The arrow hits the yak!!
You kill the yak!
Okawaru accepts your kill.
The yak gores you but does no damage. x2
You shoot an arrow. The arrow hits the yak.
The yak is lightly wounded.
You feel like a meek peon again.
6023 ||| INVOKING Heroism.
You gain the combat prowess of a mighty hero.
The yak gores you! The yak gores you but does no damage.
You shoot an arrow. The arrow hits the yak!!
The yak is almost dead.
The yak gores you but does no damage. The yak barely misses you.
You shoot an arrow. The arrow hits the yak!
You kill the yak!
Okawaru accepts your kill. The yak closely misses you.
Your base Ranged Weapons skill increases to level 11!
You shoot an arrow. The arrow hits the yak.
The yak is lightly wounded.
The yak misses you.
You shoot an arrow. The arrow barely misses the yak.
The yak completely misses you.
You shoot an arrow. The arrow hits the yak.
The yak is moderately wounded.
You shoot an arrow. The arrow hits the yak!
The yak is severely wounded.
The yak closely misses you.
You shoot an arrow.
The arrow hits the yak but does no damage.
The yak is severely wounded.
The yak gores you!
You die...

#........#
##........#####
##..............
##..........#####
##..#........#....
#..##........#....
#.############....
#####Y### #####
#....@..# ### #
#.....%.# #<# #
#.......# ####.# #
#####'### #....# #
#.# #....# #
#.####### #....# #
#.##....# ####.#
#.##....# #.#
#.##....## #.###


You could see a yak.

Vanquished Creatures
  A wyvern (D:7)
  4 yaks (D:7)
  A water moccasin (D:5)
  2 orc warriors (D:6)
  A sky beast (D:8)
  2 black bears
  3 ice beasts
  An ogre (D:5)
  2 phantoms (D:5)
  2 centaurs
  2 bullfrogs (D:7)
  4 wights (D:7)
  5 hounds
  2 jellies
  4 orc priests
  2 sleepcaps (D:5)
  Ijyb (D:4)
  2 iguanas
  4 orc wizards (D:6)
  4 gnolls (D:7)
  8 adders
  A white imp (D:6)
  An ufetubus (D:5)
  3 worms
  17 orcs
  7 endoplasms
  3 giant cockroaches
  10 goblins
  7 hobgoblins
  6 jackals (D:2)
  9 kobolds
  7 quokkas
  9 ball pythons
  6 bats
  2 frilled lizards
  6 rats
151 creatures vanquished.

Notes
Turn   | Place    | Note
-------+----------+-------------------------------------------
     0 | D:1      | qw the Gargoyle Hunter began the quest for the Orb.
     0 | D:1      | Reached XP level 1. HP: 12/12 MP: 1/1
     0 | D:1      | 0 ||| qw: Version: 0.2-a-29-g511e9b1
     0 | D:1      | 0 ||| qw: Game counter: 5220
     0 | D:1      | 0 ||| qw: Always use a shield: true
     0 | D:1      | 0 ||| qw: God list: Okawaru
     0 | D:1      | 0 ||| qw: Allow faded altars: false
     0 | D:1      | 0 ||| qw: Do Orc after D:15 true
     0 | D:1      | 0 ||| qw: Do second Lair branch before Depths: true
     0 | D:1      | 0 ||| qw: Lair rune preference: random
     0 | D:1      | 0 ||| qw: Plans: Normal, Zot:1-4, Slime:5, God:TSO, Crypt,
                  | Tomb, Abyss, Pan, Hells, Win
     0 | D:1      | 0 ||| PLANNING D:1-11
    83 | D:1      | Reached XP level 2. HP: 17/17 MP: 2/2
   558 | D:1      | Found a faded altar of an unknown god.
   829 | D:1      | Reached XP level 3. HP: 21/21 MP: 3/3
   867 | D:1      | Reached skill level 5 in Ranged Weapons
   997 | D:1      | 997 ||| UPGRADING to +0 ring mail.
  1007 | D:1      | 1007 ||| DROPPING +0 leather armour.
  1008 | D:1      | 1008 ||| UPGRADING to +0 helmet.
  1013 | D:1      | 1013 ||| UPGRADING to ring of protection from cold.
  1014 | D:1      | 1014 ||| READING 2 scrolls labelled WILATU DAGA.
  1115 | D:1      | 1115 ||| READING scroll labelled JUPHUV OPSOF.
  1116 | D:1      | 1116 ||| READING scroll labelled DEACAE HOEM.
  1117 | D:1      | 1117 ||| DROPPING scroll of silence.
  1118 | D:1      | 1118 ||| DROPPING scroll of butterflies.
  1307 | D:2      | Reached skill level 1 in Armour
  1486 | D:2      | Reached XP level 4. HP: 27/27 MP: 4/4
  1487 | D:2      | Reached skill level 3 in Fighting
  1575 | D:2      | Identified the +2 cloak of Seolec {rN+ Dex-2 Slay+3}
  1830 | D:2      | 1830 ||| UPGRADING to +2 cloak of Seolec {rN+ Dex-2
                  | Slay+3}.
  1835 | D:2      | 1835 ||| UPGRADING to amulet of guardian spirit.
  1840 | D:2      | 1840 ||| READING scroll labelled IRUS NAQOXTO.
  1841 | D:2      | 1841 ||| READING scroll labelled WUXKOD CAE.
  1855 | D:3      | 1855 ||| STAIRDANCE
  2020 | D:3      | Reached XP level 5. HP: 32/32 MP: 5/5
  2068 | D:3      | Reached skill level 6 in Ranged Weapons
  2077 | D:3      | 2077 ||| FLEEEEING.
  2407 | D:3      | Reached XP level 6. HP: 38/38 MP: 6/6
  2428 | D:3      | 2428 ||| READING scroll of brand weapon.
  2428 | D:3      | 2428 ||| BRANDING +0 shortbow of freezing.
  2543 | D:3      | Found an ornate altar of the Wu Jian Council.
  2548 | D:3      | 2548 ||| UPGRADING to ring of see invisible.
  2549 | D:3      | 2549 ||| READING scroll labelled FOVVOGG QAUD.
  2550 | D:3      | 2550 ||| READING scroll labelled FUVVEOCL XELE.
  2551 | D:3      | 2551 ||| READING scroll labelled PUETHI DARINLA.
  2555 | D:3      | 2555 ||| DRINKING 3 smoky emerald potions.
  2556 | D:3      | 2556 ||| READING 2 scrolls of identify.
  2556 | D:3      | 2556 ||| IDENTIFYING bubbling golden potion
  2557 | D:3      | 2557 ||| DROPPING potion of brilliance.
  2558 | D:3      | 2558 ||| DROPPING 2 potions of degeneration.
  2611 | D:4      | Found a blossoming altar of Fedhas.
  2744 | D:4      | Found a staircase to the Ecumenical Temple.
  2745 | D:4      | 2745 ||| PLANNING TEMPLE
  2745 | D:4      | 2745 ||| READING scroll labelled RIFOFE KAITI.
  2749 | Temple   | Entered the Ecumenical Temple
  2841 | Temple   | 2841 ||| PLANNING OKAWARU WORSHIP
  2984 | Temple   | Became a worshipper of Warmaster Okawaru
  2985 | Temple   | 2985 ||| PLANNING D:1-11
  2985 | Temple   | 2985 ||| REMOVING amulet of guardian spirit.
  3062 | D:4      | Found Jumo's Weapon Shop.
  3234 | D:4      | Found a shadowy altar of Dithmenos.
  3418 | D:4      | Noticed Ijyb
  3426 | D:4      | Killed Ijyb
  3666 | D:4      | 3666 ||| READING scroll labelled YSTRUL MIEGYI.
  3666 | D:4      | Identified a scroll of acquirement
  3666 | D:4      | 3666 ||| ACQUIRING ring "Ypu Nol" {rF+ Will- Int+7 Dex+6
                  | Stlth+}
  3666 | D:4      | Acquired the ring "Ypu Nol" {rF+ Will- Int+7 Dex+6 Stlth+}
  3668 | D:4      | 3668 ||| UPGRADING to ring "Ypu Nol" {rF+ Will- Int+7 Dex+6
                  | Stlth+}.
  3670 | D:4      | 3670 ||| READING 3 scrolls of identify.
  3670 | D:4      | 3670 ||| IDENTIFYING murky ruby potion
  3671 | D:4      | 3671 ||| READING 2 scrolls of identify.
  3671 | D:4      | 3671 ||| IDENTIFYING fizzy silvery potion
  3707 | D:5      | Entered Level 5 of the Dungeon
  3720 | D:5      | Reached skill level 7 in Ranged Weapons
  3881 | D:5      | Reached skill level 3 in Armour
  3881 | D:5      | Reached XP level 7. HP: 36/43 MP: 7/7
  3940 | D:5      | 3940 ||| FLEEEEING.
  3941 | D:5      | 3941 ||| FLEEEEING.
  3990 | D:5      | Reached * piety under Okawaru
  4016 | D:5      | Reached skill level 1 in Invocations
  4130 | D:5      | Reached XP level 8. HP: 48/48 MP: 9/9
  4392 | D:5      | Reached skill level 8 in Ranged Weapons
  4392 | D:5      | Reached skill level 3 in Invocations
  4414 | D:5      | 4414 ||| INVOKING Heroism.
  4501 | D:5      | 4501 ||| READING scroll labelled HASESEEVUC.
  4511 | D:6      | 4511 ||| INVOKING Heroism.
  4514 | D:6      | 4514 ||| Stepping ~*~*~tactically~*~*~ (outnumbered).
  4515 | D:6      | 4515 ||| Stepping ~*~*~tactically~*~*~ (outnumbered).
  4530 | D:6      | 4530 ||| DRINKING potion of curing.
  4530 | D:6      | 4530 ||| (to cure confusion)
  4537 | D:6      | 4537 ||| INVOKING Heroism.
  4541 | D:6      | HP: 5/48 [orc warrior/+0 halberd (13)]
  4545 | D:6      | HP: 2/48 [orc warrior/+0 halberd (4)]
  4595 | D:6      | 4595 ||| FLEEEEING.
  4597 | D:6      | 4597 ||| STAIRDANCE
  4793 | D:6      | Found a basalt altar of Yredelemnul.
  4830 | D:6      | 4830 ||| INVOKING Heroism.
  5049 | D:6      | Reached skill level 9 in Ranged Weapons
  5053 | D:6      | Reached skill level 6 in Fighting
  5053 | D:6      | Reached XP level 9. HP: 55/55 MP: 12/12
  5083 | D:6      | Reached skill level 3 in Dodging
  5090 | D:6      | 5090 ||| DRINKING 2 yellow potions.
  5134 | D:7      | Reached ** piety under Okawaru
  5236 | D:7      | 5236 ||| DROPPING +0 shortbow.
  5237 | D:7      | 5237 ||| UPGRADING to +0 orcbow.
  5238 | D:7      | 5238 ||| DROPPING +0 shortbow of chaos.
  5554 | D:7      | 5554 ||| INVOKING Heroism.
  5654 | D:7      | Reached skill level 10 in Ranged Weapons
  5736 | D:7      | Found a shimmering blue altar of Sif Muna.
  5968 | D:7      | 5968 ||| READING scroll labelled XAROCU XITEANG.
  5969 | D:7      | 5969 ||| DRINKING 2 bubbling puce potions.
  5970 | D:7      | 5970 ||| DRINKING 2 brown potions.
  5970 | D:7      | Gained mutation: You are somewhat resistant to further
                  | mutation. [potion of mutation]
  5970 | D:7      | Gained mutation: You possess an exceptional clarity of
                  | mind. [potion of mutation]
  5971 | D:7      | 5971 ||| READING 2 scrolls of identify.
  5971 | D:7      | 5971 ||| IDENTIFYING lumpy amethyst potion
  5972 | D:7      | 5972 ||| DROPPING potion of enlightenment.
  6004 | D:8      | 6004 ||| STAIRDANCE
  6007 | D:7      | 6007 ||| INVOKING Heroism.
  6009 | D:7      | HP: 14/57 [yak (4)]
  6010 | D:7      | 6010 ||| DRINKING potion of heal wounds.
  6023 | D:7      | 6023 ||| INVOKING Heroism.
  6023 | D:7      | HP: 8/57 [yak (12)]
  6026 | D:7      | Reached skill level 11 in Ranged Weapons
  6030 | D:7      | Slain by a yak

Levels and vault maps discovered:
D:1:      erik_arrival_cave_to_civilisation [erik_arrival_cave_to_hall],
          layout_loops_corners, ebering_ecumenical_altar_box, chequers_jeans
D:2:      layout_loops_ring
D:3:      layout_rooms, pdpol_wu_jian_five_deadly_venoms, serial_curves,
          eino_curves_02, eino_curves_01, eino_curves_04,
          minmay_stone_trees_medium, minmay_quantized
D:4:      layout_loops_ring, lemuel_doored_altar,
          nicolae_dithmenos_through_a_glass_darkly, minmay_temple_entry_grid,
          serial_shops, nicolae_shop_temple_entry_statues_fountains,
          wad_floor_pattern_untrapped, minmay_tree_intersection, uniq_ijyb
D:5:      layout_loops_ring, nrook_uturn
D:6:      layout_gridville, kennysheep_little_box
D:7:      layout_basic, nicolae_overflow_hidden_temple
D:8:      minmay_goldmine, layout_basic, nicolae_kikubaaqudgha_miasma_corner,
          grunt_temple_overflow_lords_of_destruction, enter_bailey_5,
          serial_shops, shop
Temple:   nicolae_temple_figure_eight

Skill      XL: |  1  2  3  4  5  6  7  8  9 |
---------------+----------------------------+-----
Ranged Weapons | 5 6 7 9 11 | 11.1
Armour         | 1 3 |  3.0
Fighting       | 3 4 6 7 |  7.1
Dodging        | 2 3 |  3.2
Invocations    | 2 4 |  4.0
Stealth        | |  1.1

Action                     |  1- 3 |  4- 6 |  7- 9 || total
---------------------------+-------+-------+-------++-------
   Fire: Shortbow          |   132 |   166 |   150 ||   448
         Orcbow            |       |       |    71 ||    71
 Invoke: Heroism           |       |       |     7 ||     7
    Use: Scroll            |     3 |    11 |     3 ||    17
         Potion            |       |     1 |     5 ||     6
 Armour: Leather armour    |     6 |       |       ||     6
         Ring mail         |    46 |    53 |    76 ||   175
  Dodge: Dodged            |    55 |    39 |   119 ||   213

Table legend:
 A = Non-vault XP
 B = Vault XP
 C = Vault XP percentage of total XP
 D = Non-vault monster count
 E = Vault monster count
 F = Vault count percentage of total count
                 A         B        C        D         E       F
            +---------+---------+-------+---------+---------+-------
      Total |    4356 |      64 |   1.4 |     143 |       8 |   5.3
            +---------+---------+-------+---------+---------+-------
        D:1 |      37 |       3 |   7.5 |      22 |       2 |   8.3
        D:2 |     102 |       0 |   0.0 |      29 |       0 |   0.0
        D:3 |     176 |      25 |  12.4 |      23 |       5 |  17.9
        D:4 |     108 |      36 |  25.0 |      15 |       1 |   6.2
        D:5 |    1007 |       0 |   0.0 |      13 |       0 |   0.0
        D:6 |    1022 |       0 |   0.0 |      21 |       0 |   0.0
        D:7 |    1768 |       0 |   0.0 |      19 |       0 |   0.0
        D:8 |     136 |       0 |   0.0 |       1 |       0 |   0.0
            +---------+---------+-------+---------+---------+-------
